 Dungeon Crawl Stone Soup version 0.22.1-1-ga44c0e56f4 (webtiles) character file.

18 Morbidden the Stinger (level 2, -1/24 HPs)
             Began as a Naga Venom Mage on Oct 15, 2018.
             Slain by a hobgoblin
             ... wielding a +0 club
              (5 damage)
             ... on level 1 of the Dungeon.
             The game lasted 00:02:25 (1147 turns).

Morbidden the Stinger (Naga Venom Mage)             Turns: 1147, Time: 00:02:26

Health: -1/24      AC:  2    Str: 10    XL:     2   Next: 66%
Magic:  1/5        EV:  9    Int: 15    God:
Gold:   36         SH:  0    Dex: 11    Spells: 4/5 levels left

rFire    . . .     SeeInvis +   (no weapon)
rCold    . . .     Gourm    .   (no shield)
rNeg     . . .     Faith    .   d - +0 leather armour
rPois    +         Spirit   .   (no helmet)
rElec    .         Reflect  .   (no cloak)
rCorr    .         Harm     .   (no gloves)
MR       .....                  (no barding)
Stlth    ++........             (no amulet)
HPRegen  0.08/turn              (no ring)
MPRegen  0.09/turn              (no ring)

@: very slow
A: large, see invisible, deformed body, poison resistance, slowness 2, slow
metabolism 1, spit poison 1, AC +0
a: Spit Poison


You were on level 1 of the Dungeon.
You were hungry.

You visited 1 branch of the dungeon, and saw 1 of its levels.

You collected 36 gold pieces.

Inventory:

Armour
 d - a +0 leather armour (worn)
Scrolls
 b - a scroll of blinking {unknown}
 e - a scroll of identify {unknown}
 f - 3 scrolls of amnesia {unknown}
Potions
 a - a potion of lignification {unknown}
 g - a potion of curing {unknown}
 h - a potion of brilliance {unknown}
 i - a potion of haste {unknown}
 j - a potion of might {unknown}
 k - a potion of heal wounds {unknown}
Comestibles
 c - 3 rations


   Skills:
 * Level 0.6 Fighting
 * Level 1.0 Armour
 * Level 1.7 Dodging
 - Level 3.0 Stealth
 - Level 0.2 Unarmed Combat
 - Level 2.0 Spellcasting
 - Level 1.0 Conjurations
 + Level 4.2 Poison Magic


You had 4 spell levels left.
You knew the following spells:

 Your Spells              Type           Power        Failure   Level  Hunger
a - Sting                 Conj/Pois      #...         11%         1    #......

Your spell library contained the following spells:

 Spells                   Type           Power        Failure   Level  Hunger
 Poisonous Vapours        Pois/Air       #.....       19%         2    ###....
 Mephitic Cloud           Conj/Pois/Air  #.......     41%         3    ###....
 Olgreb's Toxic Radiance  Pois           ##......     45%         4    #####..
 Venom Bolt               Conj/Pois      #.........   96%         5    ######.


Dungeon Overview and Level Annotations

Branches:
Dungeon (1/15)

Altars:


Innate Abilities, Weirdness & Mutations

You cannot wear boots.
Your serpentine skin is tough. (AC +0)
You have supernaturally acute eyesight. (SInv)
Armour fits poorly on your strangely shaped body.
Your system is resistant to poisons. (rPois)
You cover ground very slowly.
You have a slow metabolism.
You can spit poison.


Message History

The hobgoblin is heavily wounded.
You feel slightly more hungry.
Unknown command.
You are too injured to fight recklessly!
You are too injured to fight recklessly!
You are too injured to fight recklessly!
The hobgoblin hits you but does no damage.
You have got your breath back.
You closely miss the hobgoblin.
The hobgoblin is heavily wounded.
The hobgoblin hits you with a club.
* * * LOW HITPOINT WARNING * * *
You hit the hobgoblin.
The hobgoblin is severely wounded.
The hobgoblin hits you with a club.
* * * LOW HITPOINT WARNING * * *
You hit the hobgoblin.
The hobgoblin is almost dead.
The hobgoblin hits you with a club.
You die...

#.≈≈§≈.##[##....#
#§.....##.##....#
###''####.##....#
#..####.##########
#''#.............#
#..#.##..........#
#....##..........#
####.##..........#
#@#############
#g# ##K## #...#
#†#.# ... .# #.#)
## ..... #.# #.


You could see a hobgoblin and a kobold.

Vanquished Creatures
  A dart slug (D:1)
  A bat (D:1)
  3 goblins (D:1)
  A hobgoblin (D:1)
  3 jackals (D:1)
  A frilled lizard (D:1)
  3 kobolds (D:1)
  A rat (D:1)
14 creatures vanquished.

Notes
Turn   | Place    | Note
-------+----------+-------------------------------------------
     0 | D:1      | Morbidden the Naga Venom Mage began the quest for the Orb.
     0 | D:1      | Reached XP level 1. HP: 15/15 MP: 3/3
   517 | D:1      | Reached XP level 2. HP: 14/24 MP: 5/5
   680 | D:1      | HP: 1/24 [jackal (2)]
  1103 | D:1      | Reached skill level 1 in Armour
  1147 | D:1      | Slain by a hobgoblin

Skill      XL: |  1  2 |
---------------+-------+-----
Armour         | 1 |  1.0
Fighting       | |  0.6
Dodging        | |  1.7
Stealth        | |  3.0
Unarmed Combat | |  0.2
Spellcasting   | |  2.0
Conjurations   | |  1.0
Poison Magic   | |  4.2

Action                   || total
-------------------------++-------
Melee: Unarmed           ||    63
 Cast: Sting             ||    18
 Abil: Spit Poison       ||     4
 Stab: Sleeping          ||     2
Armor: Leather armour    ||    15
Dodge: Dodged            ||    47
